AoeStats
← =)Svanhilde

Black Forest

510788972Analyzed
4v4 RM · 14h ago on Oct 2, 2026· 29m 33s· 8 players
Game mode
Random Map
Map size
Large (8 player)
Population
200
Speed
Normal
Resources
Standard
Victory
Conquest
Starting age
Dark Age
Ending age
Imperial Age
RankedLock teamsTeams togetherTeam positionsShared explorationLock speedFull tech treeHidden civsTurbo modeCheats
Victory
Defeat
🇹🇷 Khmer · Türkiye
1980
+6
🇫🇷 Britons · France
1823
+11
🇮🇹 Spanish · Italy
1712
+15
🇵🇱 Georgians · Poland
1687
+15
🇨🇱 Khmer · Chile
1733
-13
🇭🇰 Japanese · Hong Kong SAR China
1732
-13
🇨🇳 Britons · China
1684
-11
🇭🇰 Bohemians · Hong Kong SAR China
1652
-10
=)Svanhilde
0:43 Loom
12:22 Feudal Age
13:15 Double-Bit Axe
16:57 Castle Age
15:07 Horse Collar
18:03 Bow Saw
21:45 Fletching
23:09 Gold Mining
24:04 Wheelbarrow
23:27 Stone Mining
28:55 Imperial Age
27:23 Bodkin Arrow
29:23 Padded Archer Armor
29:45 Bracer
30:56 Chemistry
Dott_Berlu
3:40 Loom
11:15 Feudal Age
13:28 Double-Bit Axe
15:44 Castle Age
16:50 Bow Saw
16:24 Horse Collar
19:02 Padded Archer Armor
27:10 Leather Archer Armor
27:33 Gold Mining
30:21 Wheelbarrow
Ubetnir
11:22 Feudal Age
14:06 Castle Age
12:17 Double-Bit Axe
12:51 Gold Mining
15:00 Bow Saw
17:51 Fishing Lines
20:02 Gillnets
24:21 Stone Mining
25:09 Gold Shaft Mining
28:50 Imperial Age
27:02 Horse Collar
27:59 Wheelbarrow
27:11 Town Watch
27:11 Loom
28:15 Town Patrol
28:18 Heavy Plow
29:08 Hand Cart
29:29 Stone Shaft Mining
29:42 Coinage
29:07 Onager
30:10 Scale Barding Armor
ForeveR
5:37 Loom
8:41 Feudal Age
9:05 Man-at-Arms
17:31 Double-Bit Axe
25:06 Castle Age
26:12 Bow Saw
28:00 Horse Collar
28:44 Gold Mining
28:44 Stone Mining
29:37 Fishing Lines
QNA | Apachai Hopachai
11:55 Feudal Age
15:18 Castle Age
15:22 Double-Bit Axe
15:21 Horse Collar
19:00 Sanctity
19:39 Loom
20:34 Fishing Lines
21:51 Fervor
23:10 Bow Saw
25:38 Elite Skirmisher
27:04 Heavy Plow
27:20 Gillnets
30:03 Wheelbarrow
hide1914
0:34 Loom
12:32 Feudal Age
13:40 Double-Bit Axe
18:16 Castle Age
16:04 Fishing Lines
19:07 Gillnets
19:59 Bow Saw
25:29 Fortified Wall
26:57 Wheelbarrow
26:26 Horse Collar
27:13 Fletching
27:21 Guard Tower
27:51 Ballistics
27:50 Bodkin Arrow
29:30 Padded Archer Armor
Sakmelo
11:00 Feudal Age
14:46 Castle Age
14:37 Double-Bit Axe
14:33 Horse Collar
16:32 Bow Saw
20:06 Fervor
22:16 Wheelbarrow
21:58 Heavy Plow
23:31 Hand Cart
27:17 Imperial Age
25:26 Scale Mail Armor
28:16 Chain Mail Armor
28:12 Forging
28:07 Fletching
28:17 Padded Archer Armor
29:35 Chemistry
29:08 Loom
29:19 Bodkin Arrow
克莱因蓝
0:32 Loom
11:28 Feudal Age
20:30 Double-Bit Axe
21:43 Horse Collar
22:09 Padded Archer Armor
25:25 Fletching
27:55 Wheelbarrow
31:33 Castle Age
Connection lost

Rejoining the realm…

Still unreachable

The connection could not be restored.

Session expired

The server has moved on; the page needs a fresh start.